Map: 2000 Atmospheres LE

Players

Astrea - Winner!

  • Race: Protoss Protoss
  • League: Master

PureLegacy

  • Race: Terran Terran

Event: DreamHack SC2 Masters 2021 Summer

VOD

Have the link to the VOD?

Description

Time

  • Played on: May 30, 2021, 2:55 p.m.
  • Length: 4:00

All games in this series

Show
View Real Time Build Order
Export as new Build Order

Astrea Protoss - Winner!

Build Orders:  

Get SALT Encoding   

  12  0:00  Probe  
  13  0:12  Probe  
  14  0:17  Pylon  
  14  0:24  Probe (Chrono Boost)  
  15  0:36  Probe (Chrono Boost)  
  15  0:37  Gateway  
  16  0:44  Probe (Chrono Boost)  
  16  0:48  Assimilator  
  17  0:51  Probe  
  18  1:03  Probe  
  19  1:15  Probe  
  20  1:26  Cybernetics Core  
  20  1:28  Probe, Zealot  
  20  1:31  Assimilator  
  23  1:33  Pylon  
  23  1:51  Probe  
  24  2:01  Stalker (Chrono Boost)  
  24  2:03  Probe  
  24  2:04  Warp Gate  
  27  2:09  Shield Battery  
  28  2:20  Robotics Facility  
  28  2:27  Stalker (Chrono Boost)  
  28  2:28  Pylon  
  29  2:37  Pylon  
  29  2:46  Shield Battery  
  29  2:50  Stalker  
  31  2:58  Pylon  
  31  2:59  Pylon  
  31  3:10  Immortal (Chrono Boost)  
  33  3:20  Stalker  
  35  3:31  Probe  
  33  3:43  Probe  
  33  3:47  Pylon  
Show
View Real Time Build Order
Export as new Build Order

PureLegacy Terran 

Build Orders:  

Get SALT Encoding   

  12  0:00  SCV  
  13  0:12  SCV  
  14  0:19  Supply Depot  
  14  0:24  SCV  
  15  0:41  Barracks  
  15  0:44  Refinery  
  15  0:57  Barracks  
  15  1:07  Supply Depot  
  15  1:20  SCV  
  16  1:29  Barracks Tech Lab  
  16  1:32  Orbital Command  
  16  1:44  Barracks Tech Lab  
  16  1:48  Marauder  
  18  1:54  Concussive Shells  
  18  2:04  Marauder  
  20  2:12  Marauder  
  22  2:25  Marauder  
  24  2:33  Marauder  
  25  2:47  Marauder  
  27  2:55  Marauder  
  28  3:11  Marauder  
  25  3:16  Marauder  
  24  3:33  Marauder  
Tags
 
Add a new tag
Caveats
  • Supply blocks, unpowered buildings, or Contaminate may cause inaccurate times.
  • Supply counts are checked every 10 seconds.